 Dungeon Crawl Stone Soup version 0.28-a0-312-gbced6e68ee (webtiles) character file.

Game seed: 12365684668949154296

28 collin328 the Insei (level 3, -1/26 HPs)
             Began as a Merfolk Transmuter on Aug 30, 2021.
             Was a Follower of the Shining One.
             Slain by a jackal (2 damage)
             ... on level 3 of the Dungeon.
             The game lasted 00:17:21 (874 turns).

collin328 the Insei (Merfolk Transmuter)             Turns: 874, Time: 00:17:22

Health: -1/26      AC:  2    Str: 11    XL:     3   Next: 12%
Magic:  6/6        EV: 13    Int: 12    God:    the Shining One [*.....]
Gold:   9          SH:  0    Dex: 14    Spells: 5/6 levels left

rFire   . . .      SeeInvis .     - Unarmed
rCold   . . .      Faith    .   (no shield)
rNeg    . . .      Spirit   .   a - +0 robe
rPois   .          Reflect  .   (no helmet)
rElec   .          Harm     .   (no cloak)
rCorr   .          Rampage  .   (no gloves)
Will    .....                   (no boots)
Stlth   +.........              (no amulet)
HPRegen 0.08/turn               (no ring)
MPRegen 0.10/turn               (no ring)

@: glowing
A: (nimble swimmer 2), mertail
a: Renounce Religion


You were on level 3 of the Dungeon.
You worshipped the Shining One.
The Shining One was aware of your devotion.
You visited 1 branch of the dungeon, and saw 3 of its levels.

You collected 9 gold pieces.

Inventory:

Hand Weapons
 e - a +0 club
 g - a +0 spear
 i - a +0 short sword
Missiles
 h - 15 stones
Armour
 a - a +0 robe (worn)
Scrolls
 b - a scroll of blinking {unknown}
 c - a scroll of enchant weapon {unknown}
Potions
 d - a potion of invisibility {unknown}
 f - a potion of curing {unknown}


   Skills:
 + Level 1.1 Fighting
 + Level 3.2 Dodging
 + Level 4.0 Unarmed Combat
 + Level 2.2 Spellcasting
 + Level 2.8 Transmutations


You had 5 spell levels left.
You knew the following spells:

 Your Spells              Type           Power      Damage    Failure   Level
a - Beastly Appendage     Tmut           16%        N/A       9%          1

Your spell library contained the following spells:

 Spells                   Type           Power      Damage    Failure   Level
 Wereblood                Tmut           8%         N/A       12%         2
 Spider Form              Tmut/Pois      2%         N/A       41%         3
 Tukima's Dance           Hex            1%         N/A       63%         3
 Ice Form                 Ice/Tmut       4%         N/A       82%         4
 Passage of Golubria      Tloc           N/A        N/A       95%         4
 Yara's Violent Unravell  Hex/Tmut       2%         3d3       99%         5


Dungeon Overview and Level Annotations

Branches:
Dungeon (3/15)

Altars:
The Shining One


Innate Abilities, Weirdness & Mutations

((You are quick and stealthy near water. (Stealth+, EV+, Speed+++)))
Your lower body shifts to a powerful aquatic tail in water.


Message History

The jackal barely misses you. The jackal barely misses you.
The jackal bites you. The jackal closely misses you. The jackal misses you.
The jackal bites you.
The jackal bites you but does no damage.
The jackal closely misses you. The jackal bites you.
The jackal bites you but does no damage.
The jackal closely misses you.
You see here a fuming golden potion.
Adjust to which letter? (? for menu, Esc to quit)
Huh?
Adjust to which letter? (? for menu, Esc to quit)
Okay, then.
Unknown command.
You barely miss the jackal. The jackal closely misses you. x2
The jackal barely misses you.
The jackal bites you but does no damage.
The jackal bites you but does no damage.
The jackal closely misses you. The jackal bites you. The jackal bites you. x2
The jackal misses you. The worm bites you.
* * * LOW HITPOINT WARNING * * *
The jackal closely misses you. The jackal closely misses you.
The jackal misses you. The jackal barely misses you.
The jackal closely misses you.
The jackal bites you but does no damage.
The jackal bites you.
* * * LOW HITPOINT WARNING * * *
The jackal completely misses you. The jackal bites you.
* * * LOW HITPOINT WARNING * * *
Found an escape hatch in the floor.
The jackal completely misses you. The jackal misses you.
The jackal barely misses you. The jackal bites you.
* * * LOW HITPOINT WARNING * * *
The jackal bites you.
You die...

#.#............#
#..........#####
#######..........#
#......<.........#
#................#
#................#
#######..........#
#..........#
#.......wh@#
#........h.#
#........(.#
#..........#
#..........#
#..........#
......#######
...... ..>...


You could see a worm and 2 jackals.

Vanquished Creatures
  An adder (D:2)
  3 endoplasms (D:1)
  3 goblins (D:1)
  A jackal (D:3)
  2 kobolds
  A ball python (D:1)
  3 bats (D:1)
  A frilled lizard (D:2)
  3 rats
18 creatures vanquished.

Notes
Turn   | Place    | Note
-------+----------+-------------------------------------------
     0 | D:1      | collin328 the Merfolk Transmuter began the quest for the
                  | Orb.
     0 | D:1      | Reached XP level 1. HP: 15/15 MP: 3/3
   206 | D:1      | Reached XP level 2. HP: 5/21 MP: 0/5
   442 | D:1      | Found a faded altar of an unknown god.
   521 | D:1      | Became a worshipper of the Shining One
   521 | D:1      | Reached * piety under the Shining One
   595 | D:1      | You fall into a shaft and drop 1 floor!
   658 | D:2      | Reached XP level 3. HP: 20/26 MP: 6/6
   753 | D:2      | Reached skill level 4 in Unarmed Combat
   873 | D:3      | HP: 1/26 [jackal (2)]
   874 | D:3      | Slain by a jackal

Illustrated notes

Levels and vault maps discovered:
D:1:      lemuel_arrival_broad_hall, layout_loops_ring,
          ebering_ecumenical_altar_abandoned
D:2:      layout_basic
D:3:      layout_basic

Skill      XL: |  1  2  3 |
---------------+----------+-----
Dodging        | 3 |  3.2
Unarmed Combat | 4 |  4.0
Fighting       | |  1.1
Spellcasting   | |  2.2
Transmutations | |  2.8

Action                   || total
-------------------------++-------
Melee: Unarmed           ||    39
       Headbutt          ||     2
 Cast: Beastly Appendage ||    10
Armor: Robe              ||    25
Dodge: Dodged            ||    93

Table legend: (Time is in decaauts)
 A = Elapsed time spent in this place.
 B = Non-inter-level travel time spent in this place.
 C = Inter-level travel time spent in this place.
 D = Time resting spent in this place.
 E = Time spent auto-exploring this place.
 F = Levels seen in this place.
 G = Mean time per level.
                   A        B        C        D        E       F      G
               +--------+--------+--------+--------+--------+-----+--------+
         Total |    870 |    870 |      0 |      0 |      0 |   3 |  290.0 |
       Dungeon |    870 |    870 |      0 |      0 |      0 |   3 |  290.0 |
               +--------+--------+--------+--------+--------+-----+--------+

Top non-repeatable levels by time:
     D:1: 593 daAuts
     D:2: 214 daAuts
     D:3: 63 daAuts
